 Dungeon Crawl Stone Soup version 0.29.1-13-g9f3cf754e1 (webtiles) character file.

Game seed: 12673915615149293035

197 bjubeck the Trooper (level 5, -2/47 HPs)
             Began as a Minotaur Fighter on Feb 6, 2023.
             Slain by a kobold
             ... wielding a +0 club
              (4 damage)
             ... in a sewer.
             The game lasted 00:05:03 (2019 turns).

bjubeck the Trooper (Minotaur Fighter)              Turns: 2019, Time: 00:05:04

Health: -2/47      AC:  7    Str: 22    XL:     5   Next: 46%
Magic:  4/4        EV:  9    Int:  5    God:
Gold:   170        SH:  5    Dex: 16    Spells: 4/4 levels left

rFire   . . .      SeeInvis .   a - +0 war axe
rCold   . . .      Faith    .   c - +0 buckler
rNeg    . . .      Spirit   .   b - +0 scale mail
rPois   .          Reflect  .   (helmet restricted)
rElec   .          Harm     .   (no cloak)
rCorr   .          Rampage  .   (no gloves)
Will    .....                   (no boots)
Stlth   ..........              (no amulet)
HPRegen 0.15/turn               o - +6 ring of dexterity
MPRegen 0.09/turn               (no ring)

@: mighty, lethally poisoned (-2 -> -5)
A: horns 2, retaliatory headbutt
a: no special abilities


You were in a sewer.
You visited 1 branch of the dungeon, and saw 3 of its levels.
You also visited: Sewer.

You collected 170 gold pieces.

Inventory:

Hand Weapons
 a - a +0 war axe (weapon)
Missiles
 t - 15 poisoned darts (quivered)
 v - 3 boomerangs
Armour
 b - a +0 scale mail (worn)
 c - a +0 buckler (worn)
Jewellery
 o - a +6 ring of dexterity (left hand)
 q - a ring of positive energy
Scrolls
 e - 8 scrolls of identify {unknown}
 i - a scroll of magic mapping {unknown}
 j - a scroll of silence {unknown}
 k - 4 scrolls of teleportation {unknown}
 l - 2 scrolls of enchant weapon {unknown}
 n - a scroll of amnesia {unknown}
 r - a scroll of fog {unknown}
 x - a scroll of vulnerability {unknown}
Potions
 d - 2 potions of might
 f - a potion of resistance {unknown}
 g - 2 potions of haste {unknown}
 h - a potion of lignification {unknown}
 m - 3 potions of mutation {unknown}
 p - 2 potions of heal wounds {unknown}
 s - a potion of attraction {unknown}
 u - 2 potions of curing {unknown}
 w - a potion of brilliance {unknown}


   Skills:
 + Level 4.9 Fighting
 + Level 4.1 Axes
 + Level 4.8 Armour
 + Level 4.8 Shields


You had 4 spell levels left.
You didn't know any spells.
Your spell library contained the following spells:

 Spells                   Type           Power      Damage    Failure   Level
 Passage of Golubria      Tloc           0%         N/A       100%        4
 Silence                  Hex/Air        0%         N/A       100%        5
 Lehudib's Crystal Spear  Conj/Erth      0%         10d2      100%        8


Dungeon Overview and Level Annotations

Branches:
Dungeon (3/15)              Sewer (1/1)

Altars:


Innate Abilities, Weirdness & Mutations

You have a pair of horns on your head.
You reflexively headbutt those who attack you in melee.


Message History

The kobold is severely wounded.
You slash the kobold brigand!
You feel sick.
The kobold hits you with a +0 short sword.
The kobold brigand hits you with a +0 short sword.
You hit the kobold.
You kill the kobold!
You closely miss the kobold brigand.
You feel sick. The kobold brigand closely misses you. You furiously retaliate!
You headbutt the kobold brigand, but do no damage.
The kobold brigand hits you with a +0 short sword.
The kobold hits you with a +0 whip.
You feel sick.
The kobold brigand throws a poisoned dart.
The poisoned dart hits you!
You are more poisoned.
You closely miss the kobold. You slash the plant!
The plant begins to die.
You feel very sick. You block the kobold's attack.
You hit the kobold but do no damage. You barely miss the kobold brigand.
You hit the plant.
You feel sick. The kobold brigand closely misses you.
The kobold hits you with a +0 whip.
* * * LOW HITPOINT WARNING * * *
You feel very mighty all of a sudden.
You feel sick. The kobold brigand closely misses you.
The kobold hits you with a +0 whip.
* * * LOW HITPOINT WARNING * * *
You slash the kobold!
You kill the kobold!
You hit the kobold brigand. You slash the plant!
You feel sick.
A nearby plant withers and dies.
The kobold brigand hits you with a +0 short sword.
* * * LOW HITPOINT WARNING * * *
The kobold brigand hits you with a +0 short sword.
* * * LOW HITPOINT WARNING * * *
You hit the kobold brigand.
The kobold brigand is heavily wounded.
You hit the kobold.
* * * LOW HITPOINT WARNING * * *
You feel sick. The kobold hits you with a +0 club.
You die...

### #### ###.####..##
#####...........
###...............
#................. ####
##......†..........
#....#K@..P.............
#....)K~~P..P~~.......~.
#!∩.)'~~....~~~~~~...~~~
#!...#~~~.P~P~~P~PP.P~~P
##############~#######~#
~~~~~ ~~~~ ≈≈≈≈≈ ≈≈≈≈~
~~~~~ #


You could see a kobold brigand and a kobold.

Vanquished Creatures
  A kobold brigand (Sewer)
  An orc priest (D:3)
  An adder (D:2)
  A worm (D:3)
  2 dart slugs
  3 orcs (D:3)
  10 ball pythons
  8 endoplasms
  A giant cockroach (D:3)
  8 goblins
  6 hobgoblins
  6 jackals
  11 kobolds
  12 bats
  3 frilled lizards
  3 rats
77 creatures vanquished.

Vanquished Creatures (others)
  A fungus (Sewer)
  A plant (Sewer)
2 creatures vanquished.

Grand Total: 79 creatures vanquished

Notes
Turn   | Place    | Note
-------+----------+-------------------------------------------
     0 | D:1      | bjubeck the Minotaur Fighter began the quest for the Orb.
     0 | D:1      | Reached XP level 1. HP: 19/19 MP: 0/0
   168 | D:1      | Reached XP level 2. HP: 27/27 MP: 1/1
   560 | D:1      | Reached XP level 3. HP: 33/33 MP: 2/2
   869 | D:2      | Found a faded altar of an unknown god.
  1403 | D:3      | Reached XP level 4. HP: 40/40 MP: 3/3
  1830 | D:3      | Found a glowing drain.
  1840 | Sewer    | Entered a sewer
  1857 | Sewer    | Noticed a kobold brigand
  1868 | Sewer    | Killed a kobold brigand
  1869 | Sewer    | Reached XP level 5. HP: 34/47 MP: 4/4
  2019 | Sewer    | HP: 2/47 [poisoned by a kobold brigand]
  2019 | Sewer    | Slain by a kobold

Illustrated notes

Levels and vault maps discovered:
D:1:      evilmike_arrival_grusome_pit, layout_rooms, hex_medium
D:2:      layout_basic, hellmonk_ecumenical_altar_lost_god
D:3:      layout_basic, cheibrodos_sewer_entry_drain
Sewer:    kennysheep_pipe_town

Skill      XL: |  1  2  3  4 |
---------------+-------------+-----
Shields        | 4 |  4.8
Fighting       | 4 |  4.9
Armour         | 4 |  4.8
Axes           | 3 4 |  4.1

Action                   |  1- 3 |  4- 6 || total
-------------------------+-------+-------++-------
Melee: War axe           |    73 |    53 ||   126
       Headbutt          |    13 |     3 ||    16
  Use: Potion            |       |     1 ||     1
Armor: Scale mail        |    40 |    31 ||    71
Dodge: Dodged            |    33 |    23 ||    56
Block: Buckler           |    25 |    12 ||    37
